[Event "*** Titled Tuesday Blitz"]
[Site "Chess.com"]
[Date "2019.02.05"]
[Round "5"]
[White "DenisQ"]
[Black "Lagravesamuell"]
[Result "0-1"]
[WhiteElo "2654"]
[BlackElo "2475"]
[TimeControl "180+2"]
[EndTime "14:03:37 PST"]
[Termination "Lagravesamuell won by resignation"]

1. Nf3 c5 2. g3 Nc6 3. d4 cxd4 4. Nxd4 g6 5. c4 Bg7 6. Nc2 Nf6 7. Bg2 O-O 8. O-O d6 9. Nc3 Be6 10. Ne3 Rc8 11. b3 Ng4 12. Qd2 Nxe3 13. Qxe3 b5 14. cxb5 Nb4 15. Bd2 Nc2 16. Qd3 Nxa1 17. Rxa1 Bf5 18. e4 Be6 19. Rd1 Qc7 20. Nd5 Bxd5 21. Qxd5 Qc2 22. Be3 Qxa2 23. Qb7 Qxb3 24. Bf3 Bf6 25.
Qxa7 Qxb5 0-1

[Event "*** Titled Tuesday Blitz"]
[Site "Chess.com"]
[Date "2019.02.05"]
[Round "5"]
[White "GadimbayliA"]
[Black "Grischuk"]
[Result "0-1"]
[WhiteElo "2805"]
[BlackElo "3046"]
[TimeControl "180+2"]
[EndTime "14:03:38 PST"]
[Termination "Grischuk won by resignation"]

1. e4 e5 2. Nf3 Nc6 3. Bb5 a6 4. Ba4 Nf6 5. O-O b5 6. Bb3 Bb7 7. c3 Nxe4 8. Re1 d5 9. d3 Nf6 10. Nxe5 Nxe5 11. Rxe5+ Be7 12. d4 O-O 13. Bg5 h6 14.
Bxf6 Bxf6 15. Re2 Qd6 16. Nd2 c5 17. dxc5 Qxc5 18. Nf3 a5 19. Rd2 Rfd8 20. a3 b4 21. axb4 axb4 22. Rxa8 Rxa8 23. Bxd5 bxc3 24. bxc3 Bxd5 25.
Rxd5 Qxd5 0-1

[Event "*** Titled Tuesday Blitz"]
[Site "Chess.com"]
[Date "2019.02.05"]
[Round "5"]
[White "xLuring1"]
[Black "Mikhail_Golubev"]
[Result "0-1"]
[WhiteElo "2321"]
[BlackElo "2465"]
[TimeControl "180+2"]
[EndTime "14:03:39 PST"]
[Termination "Mikhail_Golubev won by resignation"]

1. e4 c5 2. Nf3 d6 3. d4 Nf6 4.
dxc5 Nxe4 5. cxd6 Nc6 6. dxe7 Qxd1+ 7. Kxd1 Bxe7 8. Be3 O-O 9. Bd3 Nc5 10. Bc4 Rd8+ 11.
Nbd2 Bf5 12. a3 Rac8 13. Kc1 Na5 14. Nd4 Bg6 15. Bb5 Bf6 16. c3 Bxd4 17. Bxd4 Ncb3+ 18. Nxb3 Nxb3+ 19. Kd1 Nxa1 20. Ba4 b5 21. Bxb5 0-1

[Event "*** Titled Tuesday Blitz"]
[Site "Chess.com"]
[Date "2019.02.05"]
[Round "5"]
[White "SolidAsARook"]
[Black "IngOscarArdila"]
[Result "1-0"]
[WhiteElo "2183"]
[BlackElo "2034"]
[TimeControl "180+2"]
[EndTime "14:03:43 PST"]
[Termination "SolidAsARook won by checkmate"]

1. c4 Nf6 2. g3 g6 3. Bg2 Bg7 4. Nc3 d6 5. e4 Nbd7 6. Nge2 O-O 7. O-O e5 8. d3 a5 9. Nd5 Nc5 10. Be3 c6 11. Ndc3 Bg4 12. f3 Be6 13. h3 Nfd7 14.
f4 f5 15. Qd2 exf4 16. Nxf4 fxe4 17. d4 Bxc4 18. dxc5 Bxf1 19. Rxf1 d5 20. Ne6 Rxf1+ 21. Bxf1 Qe7 22. Nd4 Rf8 23. Nb3 Ne5 24. Bg2 Nf3+ 25. Bxf3 Rxf3 26. Kg2 Be5 27. Ne2 Qc7 28. Bf4 Rd3 29.
Qxa5 Qf7 30. Qd8+ Kg7 31. Bxe5+ Kh6 32. Qh4# 1-0

[Event "*** Titled Tuesday Blitz"]
[Site "Chess.com"]
[Date "2019.02.05"]
[Round "5"]
[White "MartinMatthiesen"]
[Black "Last7Samurai"]
[Result "1/2-1/2"]
[WhiteElo "2513"]
[BlackElo "2698"]
[TimeControl "180+2"]
[EndTime "14:03:44 PST"]
[Termination "Game drawn by repetition"]

1. d4 d5 2. c4 c6 3. Nf3 Nf6 4. Nc3 e6 5. Bg5 dxc4 6. e4 b5 7. e5 h6 8. Bh4 g5 9. Nxg5 hxg5 10. Bxg5 Be7 11. exf6 Bxf6 12. Bxf6 Qxf6 13. g3 Bb7 14. Bg2 Na6 15. O-O O-O-O 16. a4 Rxd4 17. Qe2 b4 18. Ne4 Qe7 19. Rfc1 c5 20. Rxc4 Rxc4 21. Qxc4 Kb8 22. Rd1 Rd8 23. Rxd8+ Qxd8 24. Nxc5 Nxc5 25. Qxc5 Qd1+ 26.
Bf1 Qf3 27. Qd6+ Kc8 28. Qc5+ Kb8 29. Qd6+ Kc8 30. Qc5+ Kb8 1/2-1/2

[Event "*** Titled Tuesday Blitz"]
[Site "Chess.com"]
[Date "2019.02.05"]
[Round "5"]
[White "fmshawnrl123"]
[Black "indfraeng"]
[Result "1-0"]
[WhiteElo "2614"]
[BlackElo "1968"]
[TimeControl "180+2"]
[EndTime "14:03:45 PST"]
[Termination "fmshawnrl123 won by checkmate"]

1. e4 e5 2. Nf3 Nc6 3. Bb5 a6 4. Ba4 Nf6 5. O-O Be7 6. Re1 b5 7. Bb3 d6 8. c3 O-O 9. h3 Nb8 10. d4 Nbd7 11. a4 Re8 12. axb5 Bb7 13. bxa6 Rxa6 14.
Rxa6 Bxa6 15. dxe5 Nxe5 16. Nxe5 dxe5 17. Nd2 Bc5 18.
Qf3 Qd3 19. Qxd3 Bxd3 20. Bc4 Bxc4 21. Nxc4 Rd8 22. Bg5 Re8 23. Bxf6 gxf6 24. Kf1 Rd8 25. Ke2 Kg7 26. f3 Rb8 27. b4 Be7 28. Ne3 c5 29.
Nd5 Bd6 30. Rb1 cxb4 31. cxb4 Ra8 32. Rb2 Rb8 33. b5 Kg6 34. b6 f5 35. b7 fxe4 36.
fxe4 f5 37. Kd3 fxe4+ 38. Kxe4 Kf7 39. Rb6 Ke6 40. Nc7+ Kd7 41. Na6 Rg8 42. Rxd6+ Kxd6 43. b8=Q+ Rxb8 44. Nxb8 Ke6 45. Nc6 Kf6 46. Nxe5 Kg5 47. g3 Kh6 48. Kf5 Kg7 49. Ng4 h5 50. Nf6 h4 51. g4 Kh8 52. Kg5 Kg7 53. Kxh4 Kxf6 54. Kh5 Kg7 55. Kg5 Kh7 56. Kf6 Kh6 57. g5+ Kh7 58.
g6+ Kg8 59. g7 Kh7 60. Kf7 Kh6 61. g8=Q Kh5 62. Qg6+ Kh4 63. Qg4# 1-0

[Event "*** Titled Tuesday Blitz"]
[Site "Chess.com"]
[Date "2019.02.05"]
[Round "5"]
[White "JoakimVonAnd"]
[Black "Caterpiller35"]
[Result "0-1"]
[WhiteElo "2306"]
[BlackElo "2243"]
[TimeControl "180+2"]
[EndTime "14:03:52 PST"]
[Termination "Caterpiller35 won by resignation"]

1. d4 Nf6 2. c4 e6 3. Nc3 Bb4 4. Qc2 O-O 5. Nf3 b6 6. e4 d5 7.
cxd5 exd5 8. e5 Ne4 9. Bd3 f5 10. O-O Be6 11. a3 Bxc3 12. bxc3 c5 13. Be3 Nc6 14. Ne1 c4 15. Be2 f4 16. Bc1 Bf5 17. Qb2 Qh4 18. Nf3 Qh6 19. Qb5 Nxc3 20. Qb2 Nxe2+ 21. Qxe2 Bd3 22. Qb2 Bxf1 23. Kxf1 g5 24. h3 Qg6 25. Qb5 Rad8 26. Nxg5 Nxd4 27. Qb2 Nb3 0-1

[Event "*** Titled Tuesday Blitz"]
[Site "Chess.com"]
[Date "2019.02.05"]
[Round "5"]
[White "Antipov_Mikhail_Al"]
[Black "Keaton87"]
[Result "1-0"]
[WhiteElo "2725"]
[BlackElo "2543"]
[TimeControl "180+2"]
[EndTime "14:03:54 PST"]
[Termination "Antipov_Mikhail_Al won by checkmate"]

1. e4 c5 2. Nf3 e6 3. b3 d5 4. Bb5+ Bd7 5. Bxd7+ Nxd7 6. exd5 exd5 7. O-O Ngf6 8. Re1+ Be7 9. Qe2 Rc8 10. Ba3 Rc6 11. Nd4 cxd4 12. Bxe7 Re6 13. Qxe6 fxe6 14. Bxd8 Kxd8 15.
Rxe6 Kc7 16. Na3 a6 17. c3 Nc5 18. Re7+ Kd6 19. Rxg7 d3 20. Re1 Nfe4 21. Nb1 a5 22. f3 Nf6 23. Na3 b6 24. Nb5+ Kc6 25. a4 Nfd7 26. Ree7 Rd8 27. b4 Nxa4 28. Nd4+ Kd6 29.
Re6+ Kc7 30. Nb5+ Kb7 31. Rd6 Ka6 32. Nc7+ Kb7 33. Nxd5 Kc8 34. Rc6+ Kb8 35. Rd6 Kc8 36. b5 Nac5 37. Rc6+ Kb8 38. Nxb6 a4 39. Nxd7+ Nxd7 40. Rd6 Kc8 41. Ra6 Nc5 42. Ra8# 1-0

[Event "*** Titled Tuesday Blitz"]
[Site "Chess.com"]
[Date "2019.02.05"]
[Round "5"]
[White "tioloko"]
[Black "Incognito_Knight"]
[Result "1-0"]
[WhiteElo "2583"]
[BlackElo "2612"]
[TimeControl "180+2"]
[EndTime "14:04:04 PST"]
[Termination "tioloko won by checkmate"]

1. e4 c5 2. Nf3 e6 3. d4 cxd4 4. Nxd4 a6 5. Nc3 b5 6. Bd3 Qb6 7. Nf3 Qc7 8. O-O Bb7 9. Re1 Be7 10. e5 f5 11. Nd4 Nc6 12. Nxf5 exf5 13. Nd5 Qa5 14.
Bxf5 Nd4 15. b4 Bxb4 16. Qxd4 Bxe1 17. Bxd7+ Kxd7 18. Nb6+ Ke6 19. Qd7+ Kxe5 20. Bb2+ Kf4 21. g3+ Kg5 22. f4+ Kh5 23. Qf5+ Kh6 24. Qg5# 1-0

[Event "*** Titled Tuesday Blitz"]
[Site "Chess.com"]
[Date "2019.02.05"]
[Round "5"]
[White "mousavian_hamed"]
[Black "jeetjain"]
[Result "1-0"]
[WhiteElo "2534"]
[BlackElo "2347"]
[TimeControl "180+2"]
[EndTime "14:04:04 PST"]
[Termination "mousavian_hamed won by resignation"]

1. e4 e5 2. Nf3 Nc6 3. Bc4 Bc5 4. c3 Nf6 5. d3 d6 6. Nbd2 a6 7. Bb3 O-O 8. h3 h6 9. g4 Be6 10. Nf1 d5 11. Qe2 dxe4 12. dxe4 Nh7 13. Ng3 Na5 14. Bxe6 fxe6 15. b4 Qf6 16. bxc5 Qxf3 17. Be3 Qxe2+ 18. Kxe2 Nc4 19. Rab1 Rab8 20. Rb4 Nxe3 21. Kxe3 Ng5 22. h4 Nf7 23. Rd1 Rfd8 24. Rdb1 Rd7 25. c6 Rd6 26.
cxb7 Nd8 27. Nf1 Nc6 28. Rc4 Kf7 29. Nd2 Ke7 30. Rc5 Kd7 31. Nc4 Na7 32. Nxd6 cxd6 33. Ra5 Nb5 34. Rxa6 1-0

[Event "*** Titled Tuesday Blitz"]
[Site "Chess.com"]
[Date "2019.02.05"]
[Round "5"]
[White "Al_Shima"]
[Black "tigra"]
[Result "1-0"]
[WhiteElo "2518"]
[BlackElo "2722"]
[TimeControl "180+2"]
[EndTime "14:04:06 PST"]
[Termination "Al_Shima won by resignation"]

1. b3 e5 2. Bb2 f6 3. e3 Nh6 4. d4 e4 5. d5 Bb4+ 6. Nd2 d6 7. c3 Ba5 8. Nxe4 Qe7 9. Nd2 Bg4 10.
Be2 f5 11. h3 Bxe2 12. Qxe2 O-O 13. Nc4 Bb6 14. Nxb6 axb6 15. Nf3 Nd7 16. O-O Nf6 17. c4 Ne4 18. Nd4 Rf6 19. Ne6 Rg6 20. Nf4 Rg5 21. h4 Rg4 22. f3 Ng3 23. Qe1 Rxf4 24. Qxg3 Rxh4 25. Bxg7 Qxe3+ 26. Rf2 Ng4 27. Qxh4 Qxf2+ 28. Qxf2 Nxf2 29. Kxf2 Kxg7 30. a4 h6 31. Re1 Rf8 32.
Re7+ Rf7 33. Rxf7+ Kxf7 34. Kg3 Kf6 35. Kf4 c5 36.
dxc6 bxc6 37. b4 Ke6 38. a5 bxa5 39. bxa5 Kd7 40. Kxf5 1-0

[Event "*** Titled Tuesday Blitz"]
[Site "Chess.com"]
[Date "2019.02.05"]
[Round "5"]
[White "GMMatamoros"]
[Black "GM_shahin"]
[Result "0-1"]
[WhiteElo "2507"]
[BlackElo "2729"]
[TimeControl "180+2"]
[EndTime "14:04:08 PST"]
[Termination "GM_shahin won by resignation"]

1. Nf3 Nf6 2. c4 g6 3. g3 d5 4. cxd5 Nxd5 5. Bg2 Bg7 6. O-O O-O 7. Nc3 Nc6 8. d4 Nb6 9. d5 Na5 10. e4 c6 11. Bf4 cxd5 12. Nxd5 Nxd5 13. exd5 Nc4 14. Qb3 Nxb2 15. Rfb1 Qb6 16. Ne5 Qxb3 17. axb3 g5 18.
Rxb2 gxf4 19. gxf4 Bh6 20. Ra4 Bf5 21. Be4 Bh3 22.
Bg2 Bf5 23. Be4 Bh3 24. Bg2 Bc8 25. Re2 Kh8 26. Rc4 b5 27. Rc7 Bxf4 28. Rxe7 Bxe5 29. R2xe5 Rb8 30. d6 Be6 31. Bd5 Rg8+ 32. Kf1 Bh3+ 33. Ke2 Rbd8 34. Bxf7 Rgf8 35. Re8 Kg7 36. Rxf8 Rxf8 37.
Be6 Kf6 38. Bxh3 Kxe5 39. d7 a5 40. Kd3 a4 41. bxa4 bxa4 42. Kc3 Kd6 43. Kb4 Rf4+ 44. Ka3 Ke7 0-1

[Event "*** Titled Tuesday Blitz"]
[Site "Chess.com"]
[Date "2019.02.05"]
[Round "5"]
[White "gmcorrales"]
[Black "FMJoseHerrera"]
[Result "1-0"]
[WhiteElo "2743"]
[BlackElo "2570"]
[TimeControl "180+2"]
[EndTime "14:04:09 PST"]
[Termination "gmcorrales won by checkmate"]

1. e4 c5 2. Nf3 e6 3. d4 cxd4 4. Nxd4 a6 5. Bd3 Qc7 6. O-O Nf6 7. Qe2 d6 8. c4 Nbd7 9. Nc3 Be7 10.
Kh1 h5 11. f4 h4 12. Be3 h3 13. g3 b6 14. Kg1 Bb7 15. Rae1 Rc8 16. Bd2 Qb8 17.
b4 Qa7 18. Be3 Qa8 19. Bf2 b5 20. a3 bxc4 21. Bc2 O-O 22. g4 g6 23. g5 Nh5 24.
Qg4 a5 25. Nxe6 fxe6 26. Qxe6+ Rf7 27. Qxg6+ Ng7 28. e5 Rxf4 29. Qh7+ Kf8 30. Qh8+ Kf7 31. e6+ Nxe6 32. g6# 1-0

[Event "*** Titled Tuesday Blitz"]
[Site "Chess.com"]
[Date "2019.02.05"]
[Round "5"]
[White "yuki_chess123"]
[Black "Annawel"]
[Result "0-1"]
[WhiteElo "1988"]
[BlackElo "2926"]
[TimeControl "180+2"]
[EndTime "14:04:10 PST"]
[Termination "Annawel won by resignation"]

1. e4 c5 2. Nf3 d6 3. Bb5+ Nd7 4. O-O a6 5. Bxd7+ Bxd7 6. d3 g6 7. Nc3 Bg7 8. Ng5 h6 9. Nf3 Nf6 10. d4 cxd4 11. Nxd4 O-O 12. f3 Rc8 13. Be3 b5 14. Qd2 Kh7 15. a3 Qc7 16. Rad1 a5 17. Ncxb5 Bxb5 18. Nxb5 Qxc2 19. Nd4 Qxd2 20. Rxd2 a4 21. Ne2 Nd7 22. Bd4 Bxd4+ 23. Nxd4 Ne5 24. h3 Rc5 25.
Rff2 Rb8 26. f4 Nc4 27. Rc2 Kg7 28. Rfe2 e5 29. fxe5 dxe5 30. Nf3 f6 31. Kf2 Kf7 32.
Ne1 Rb3 33. g3 Ke6 34. h4 h5 35. Rc3 Rxc3 36. bxc3 Nxa3 37. Ra2 Rxc3 0-1

[Event "*** Titled Tuesday Blitz"]
[Site "Chess.com"]
[Date "2019.02.05"]
[Round "5"]
[White "m3alam"]
[Black "Nathan_Filgueiras"]
[Result "0-1"]
[WhiteElo "2160"]
[BlackElo "2273"]
[TimeControl "180+2"]
[EndTime "14:04:15 PST"]
[Termination "Nathan_Filgueiras won by resignation"]

1. d4 Nf6 2. Nf3 e6 3. e3 b6 4.
c4 Bb7 5. Nc3 c5 6. d5 exd5 7.
cxd5 d6 8. e4 g6 9. Bb5+ Nbd7 10.
O-O Bg7 11. Bf4 Qe7 12. Bxd6 Qxd6 13. e5 Qc7 14. exf6 Bxf6 15. Re1+ Kf8 16. d6 Qc8 17. Nd5 Bxd5 18. Qxd5 Kg7 19. Re7 Bxe7 20. dxe7 Nf6 21. Qe5 Qe6 22. Re1 Qxe5 23. Nxe5 a6 24. Bc4 Rhe8 25.
Nxf7 b5 26. Be6 Rxe7 27. Ng5 Rae8 28. Rc1 Rxe6 29. Nxe6+ Rxe6 30. f3 0-1

[Event "*** Titled Tuesday Blitz"]
[Site "Chess.com"]
[Date "2019.02.05"]
[Round "5"]
[White "Redbandit87"]
[Black "GHANDEEVAM2003"]
[Result "0-1"]
[WhiteElo "2383"]
[BlackElo "2837"]
[TimeControl "180+2"]
[EndTime "14:04:21 PST"]
[Termination "GHANDEEVAM2003 won by resignation"]

1. d4 Nf6 2. Bf4 g6 3. Nc3 Bg7 4. Qd2 d5 5. O-O-O O-O 6. Bh6 c5 7. Bxg7 Kxg7 8. dxc5 Be6 9. Nf3 Nbd7 10. h4 Nxc5 11. Ng5 Rc8 12. h5 Bf5 13. hxg6 hxg6 14. f3 e5 15. g4 Bxc2 16. Nge4 Ng8 17. Nxc5 Bxd1 18. Nxb7 Qb6 19. Kxd1 Qxb7 20. e3 d4 21. Qh2 Kf6 22. Ne4+ Ke7 23. Qh4+ Kd7 24. exd4 Qxb2 25. Nc5+ Kc7 26. Na6+ Kb6 27. Qg5 Qb1+ 28. Ke2 Rc2+ 29. Ke3 Qc1+ 30. Kd3 Rc3+ 31. Ke4 Qxg5 0-1

[Event "*** Titled Tuesday Blitz"]
[Site "Chess.com"]
[Date "2019.02.05"]
[Round "5"]
[White "Mostii"]
[Black "26andrej26"]
[Result "0-1"]
[WhiteElo "2478"]
[BlackElo "2426"]
[TimeControl "180+2"]
[EndTime "14:04:21 PST"]
[Termination "26andrej26 won by resignation"]

1. d4 Nf6 2. Nf3 g6 3. g3 Bg7 4. Bg2 O-O 5. O-O d6 6. b3 c5 7. Bb2 cxd4 8. Nxd4 d5 9. Nd2 e5 10. N4f3 e4 11. Nd4 Nc6 12. c4 e3 13. fxe3 Ng4 14.
Rf3 Nce5 15. Nf1 dxc4 16. bxc4 Nxf3+ 17. exf3 Ne5 18. Rc1 Nc6 19. Nxc6 bxc6 20. Bxg7 Kxg7 21. f4 Qxd1 22. Rxd1 Bg4 23. Rd4 Rfc8 24. h3 Be6 25.
Nd2 c5 26. Rd3 Rab8 27. Rb3 Rd8 28. Ne4 Bxc4 29. Rc3 Rb1+ 30. Kf2 Rb2+ 31. Kg1 Rd1+ 32. Kh2 Bd5 0-1

[Event "*** Titled Tuesday Blitz"]
[Site "Chess.com"]
[Date "2019.02.05"]
[Round "5"]
[White "aquaticpineapples"]
[Black "minnesotachessmaster"]
[Result "1-0"]
[WhiteElo "2125"]
[BlackElo "1986"]
[TimeControl "180+2"]
[EndTime "14:04:21 PST"]
[Termination "aquaticpineapples won on time"]

1. d4 Nf6 2. Nf3 e6 3. Nbd2 Be7 4. e4 O-O 5. Bd3 b6 6. O-O Bb7 7. Qe2 d5 8. e5 Ne8 9. h4 c5 10. c3 Nc6 11. a3 f5 12. exf6 Rxf6 13. Ng5 h6 14. Nxe6 Qd7 15. Re1 Bc8 16. Qh5 g6 17. Bxg6 Rxe6 18. Rxe6 Qxe6 19. Bxe8 Ba6 20. Nf3 cxd4 21.
Bxh6 dxc3 22. Re1 cxb2 23. Rxe6 b1=Q+ 24. Kh2 1-0

[Event "*** Titled Tuesday Blitz"]
[Site "Chess.com"]
[Date "2019.02.05"]
[Round "5"]
[White "metra93"]
[Black "StephenDedalus83"]
[Result "1-0"]
[WhiteElo "2562"]
[BlackElo "2704"]
[TimeControl "180+2"]
[EndTime "14:04:23 PST"]
[Termination "metra93 won by checkmate"]

1. d4 Nf6 2. c4 g6 3. Nc3 d5 4. Bg5 Bg7 5. Bxf6 Bxf6 6. cxd5 c6 7. e4 O-O 8. e5 Bg7 9. Bc4 b5 10. Bb3 b4 11. Nce2 cxd5 12. Nf4 e6 13. Nf3 Ba6 14. h4 h6 15. Rc1 Nd7 16. Nd3 Qb6 17. Ba4 Rfd8 18.
O-O Bb5 19. Bxb5 Qxb5 20. h5 g5 21. Qd2 a5 22. Rc2 Rac8 23. Rfc1 Nb6 24. b3 Rxc2 25. Rxc2 Rc8 26. Nh2 Rc6 27. Ng4 Nd7 28. Qc1 Nb8 29. Nc5 Bf8 30. Nf6+ Kh8 31. f4 Bxc5 32. dxc5 Na6 33.
fxg5 Rxc5 34. g6 Rxc2 35. Qxh6# 1-0

[Event "*** Titled Tuesday Blitz"]
[Site "Chess.com"]
[Date "2019.02.05"]
[Round "5"]
[White "xberli"]
[Black "pultineviciuspaulius"]
[Result "1/2-1/2"]
[WhiteElo "2537"]
[BlackElo "2626"]
[TimeControl "180+2"]
[EndTime "14:04:28 PST"]
[Termination "Game drawn by agreement"]

1. e4 c6 2. d4 d5 3. e5 Bf5 4. Nf3 e6 5. Be2 Ne7 6. O-O Ng6 7. Re1 Nd7 8. Nbd2 f6 9. exf6 Qxf6 10. Bf1 Bd6 11.
c4 O-O 12. Qb3 Rab8 13. g3 b5 14. cxb5 cxb5 15. Bg2 h5 16. Nf1 Bg4 17. Bg5 Qf5 18. Ne3 Qf7 19. Nxg4 hxg4 20. Nh4 Qxf2+ 21. Kh1 Nxh4 22.
Bxh4 Qxd4 23. Rad1 Qc4 24. Rxe6 Qxb3 25. axb3 Bb4 26. Bxd5 Kh8 27. Re4 a5 28. Rxg4 Nf6 29. Bxf6 Rxf6 30. Rh4+ Rh6 31. Rxh6+ gxh6 32. Kg2 Bf8 33.
Kf3 Bg7 34. Rc1 Bxb2 35. Rc6 Bg7 36. Kg4 a4 37. bxa4 bxa4 38. Ra6 Rb4+ 39. Kf5 Rb5 40. Kg6 Rb8 41. Rxa4 Rb6+ 42. Kf5 Rf6+ 43. Ke4 Bf8 44. Ra2 Bd6 45. Bc4 Kg7 46. Re2 h5 47. Kd5 h4 48.
gxh4 Bf4 49. Rg2+ Kf8 50. Ke4 Bd6 51. Rg8+ Ke7 52. Rg7+ Kf8 53. Rg4 Bxh2 54. h5 Rf4+ 55. Rxf4+ Bxf4 56. Kxf4 Kg7 57. Kg5 1/2-1/2

[Event "*** Titled Tuesday Blitz"]
[Site "Chess.com"]
[Date "2019.02.05"]
[Round "5"]
[White "alexsuper1987"]
[Black "staz_staz"]
[Result "0-1"]
[WhiteElo "2222"]
[BlackElo "2340"]
[TimeControl "180+2"]
[EndTime "14:04:28 PST"]
[Termination "staz_staz won by resignation"]

1. d4 d5 2. Bf4 Nf6 3. e3 h6 4. Nd2 Bf5 5. c4 c6 6. Qb3 Qc8 7. h3 e6 8. Ngf3 Nbd7 9. Be2 Be7 10. O-O O-O 11. Rac1 dxc4 12. Nxc4 Ne4 13. Rfd1 Ndf6 14.
Nh4 Bh7 15. Be5 Nxf2 16. Kxf2 Ne4+ 17. Kg1 Bxh4 18. Bf3 Qd8 19. Bxe4 Bxe4 20. Nd6 Bd5 21. Nxb7 Qg5 22. Qc2 Qxe3+ 23. Kh1 Qxh3+ 24. Kg1 Qe3+ 25. Kh2 f5 26. Rd3 Qg5 27. Rh3 f4 28. Rf1 Bg3+ 29. Kg1 Rf5 30. Nd6 Rxe5 31. dxe5 Qxe5 32. Nc4 Qd4+ 33. Kh1 Qxc4 0-1

[Event "*** Titled Tuesday Blitz"]
[Site "Chess.com"]
[Date "2019.02.05"]
[Round "5"]
[White "MikeSailer"]
[Black "Entilza"]
[Result "1/2-1/2"]
[WhiteElo "2121"]
[BlackElo "2213"]
[TimeControl "180+2"]
[EndTime "14:04:29 PST"]
[Termination "Game drawn by repetition"]

1. b4 c6 2. e3 a5 3. b5 d5 4. a4 e5 5. Nf3 Bd6 6. Be2 Nf6 7. Ba3 O-O 8. Bxd6 Qxd6 9. O-O e4 10. Ne1 Nbd7 11. d3 exd3 12. Bxd3 Ne5 13. Be2 Bf5 14. Nf3 Rfe8 15. Nbd2 Qc5 16. Nd4 Bg6 17. N2f3 Nc4 18. Bd3 Ne4 19. bxc6 bxc6 20. Nh4 Rab8 21. Nxg6 hxg6 22.
Bxe4 Rxe4 23. Rb1 Ree8 24. Rxb8 Rxb8 25. Qa1 Nd2 26. Rd1 Ne4 27. Rb1 Rxb1+ 28. Qxb1 Nc3 29. Qb8+ Kh7 30. Qd8 Nxa4 31. Qh4+ Kg8 32. Qd8+ Kh7 33. Qh4+ Kg8 34. Qd8+ Kh7 35. Qh4+ Kg8 36. Qd8+ 1/2-1/2

[Event "*** Titled Tuesday Blitz"]
[Site "Chess.com"]
[Date "2019.02.05"]
[Round "5"]
[White "r31415"]
[Black "Torrentec"]
[Result "0-1"]
[WhiteElo "2288"]
[BlackElo "2411"]
[TimeControl "180+2"]
[EndTime "14:04:29 PST"]
[Termination "Torrentec won by checkmate"]

1. e4 e5 2. Nf3 Nc6 3. Bc4 Bc5 4. c3 Nf6 5. d3 a6 6. Bb3 Ba7 7. O-O d6 8. Nbd2 Be6 9. Re1 O-O 10. Nf1 h6 11. h3 Ne7 12. Ng3 Ng6 13. d4 Qe7 14. Be3 Nf4 15. Qd2 Bxb3 16. axb3 N6h5 17. Nf5 Qf6 18.
dxe5 dxe5 19. Bxa7 Rxa7 20. Rad1 Kh8 21. Qe3 Raa8 22. Qc5 Qg6 23. N3h4 Qg5 24. g3 Nxh3+ 25. Kh2 N3f4 26. gxf4 Qxf4+ 27. Kh3 g5 28. Ng2 g4+ 29.
Kh4 Qg5# 0-1

[Event "*** Titled Tuesday Blitz"]
[Site "Chess.com"]
[Date "2019.02.05"]
[Round "5"]
[White "HElissalt"]
[Black "MathiasWomacka"]
[Result "1/2-1/2"]
[WhiteElo "2101"]
[BlackElo "2237"]
[TimeControl "180+2"]
[EndTime "14:04:31 PST"]
[Termination "Game drawn by agreement"]

1. d4 Nf6 2. c4 e6 3. Nf3 Bb4+ 4. Bd2 Qe7 5. Bxb4 Qxb4+ 6. Qd2 Qxc4 7. Nc3 Qb4 8. e4 d5 9. e5 Nfd7 10. a3 Qe7 11. b4 a5 12. Nb5 Na6 13. bxa5 f6 14. Rc1 fxe5 15. Nxc7+ Nxc7 16. Rxc7 e4 17. Ne5 Qxa3 18.
Bb5 Qa1+ 19. Ke2 Qxh1 20. Rxd7 O-O 21. Rxg7+ Kxg7 22. Qg5+ Kh8 23. Ng6+ hxg6 24. Qh6+ Kg8 25. Qxg6+ Kh8 1/2-1/2

[Event "*** Titled Tuesday Blitz"]
[Site "Chess.com"]
[Date "2019.02.05"]
[Round "5"]
[White "OparinGrigoriy"]
[Black "ChristopherYoo"]
[Result "1-0"]
[WhiteElo "2920"]
[BlackElo "2658"]
[TimeControl "180+2"]
[EndTime "14:04:35 PST"]
[Termination "OparinGrigoriy won by resignation"]

1. Nf3 Nf6 2. g3 g6 3. Bg2 Bg7 4. c4 O-O 5. Nc3 c6 6. e4 d5 7. cxd5 cxd5 8. e5 Ne4 9. d4 Nc6 10. O-O Bg4 11. h3 Bxf3 12. Bxf3 Nxc3 13. bxc3 e6 14. h4 h5 15. Kg2 Rc8 16. Bg5 Qa5 17. Qd2 Qc7 18. g4 hxg4 19. Bxg4 Ne7 20. h5 gxh5 21.
Bxh5 Nf5 22. Rac1 f6 23. exf6 Bxf6 24. Rg1 Bxg5 25. Qxg5+ Qg7 26. Kh3 Qxg5 27. Rxg5+ Ng7 28. Bg4 Kh7 29. f3 Rf6 30. Kg3 b5 31. a3 a5 32.
Rb1 Rxc3 33. Rxb5 Rxa3 34. Rb7 Rg6 35. Kf4 Rd3 36. Rh5+ Rh6 37. Kg5 Rxh5+ 38. Bxh5 Kg8 39. Rb8+ Ne8 40. Kh6 1-0

[Event "*** Titled Tuesday Blitz"]
[Site "Chess.com"]
[Date "2019.02.05"]
[Round "5"]
[White "nubair1198"]
[Black "Anar_Aliakbarov"]
[Result "1-0"]
[WhiteElo "2660"]
[BlackElo "2454"]
[TimeControl "180+2"]
[EndTime "14:04:38 PST"]
[Termination "nubair1198 won by resignation"]

1. Nf3 d5 2. g3 Nf6 3. Bg2 e6 4. O-O Be7 5. c4 O-O 6. b3 c5 7. cxd5 Nxd5 8. Bb2 Bf6 9. Qc1 Bxb2 10. Qxb2 Nc6 11. Rd1 Qf6 12. Qxf6 Nxf6 13. Nc3 Rd8 14. Na4 Nd7 15. d4 cxd4 16. Nxd4 Nxd4 17. Rxd4 Kf8 18.
Rc1 Ke8 19. Rc7 Rb8 20. e3 Ne5 21. Nc5 Rxd4 22. exd4 Kd8 23. Rxc8+ Rxc8 24. Nxb7+ Ke7 25. dxe5 Rc1+ 26. Bf1 Ra1 27. a4 Rb1 28. Na5 Kd7 29. Kg2 Kc7 30. Bd3 Rb2 31. Bxh7 Kd7 32. Bd3 Rd2 33.
Bb5+ Ke7 34. Kf3 g6 35. h4 Rb2 36. Ke3 Kd8 37. Nc6+ Kc7 38. Nd4 Rxb3+ 39. Nxb3 1-0

[Event "*** Titled Tuesday Blitz"]
[Site "Chess.com"]
[Date "2019.02.05"]
[Round "5"]
[White "Alekseyviktorovich"]
[Black "ChessMavenYeti"]
[Result "1-0"]
[WhiteElo "2322"]
[BlackElo "2245"]
[TimeControl "180+2"]
[EndTime "14:04:41 PST"]
[Termination "Alekseyviktorovich won by resignation"]

1. e4 e6 2. d4 d5 3. Nd2 h6 4. Ngf3 Nf6 5. Bd3 c5 6. c3 Be7 7. O-O dxe4 8. Nxe4 Nxe4 9. Bxe4 Nd7 10. Ne5 O-O 11.
Nxd7 Qxd7 12. dxc5 Qxd1 13. Rxd1 Bxc5 14. Bf4 Re8 15.
Bd6 Bxd6 16. Rxd6 e5 17. Rad1 Be6 18. Bxb7 Rab8 19. Bc6 Rec8 20. b3 Kf8 21. c4 Ke7 22. Bf3 f5 23. g3 e4 24. Be2 g5 25. f3 exf3 26. Bxf3 Rc5 27. Ra6 Re5 28. Rxa7+ Kf6 29. Ra6 Kf7 30. Kf2 Re8 31. Bh5+ Ke7 32. Bxe8 Kxe8 1-0

[Event "*** Titled Tuesday Blitz"]
[Site "Chess.com"]
[Date "2019.02.05"]
[Round "5"]
[White "flomarechot"]
[Black "FearNoEvil12"]
[Result "1-0"]
[WhiteElo "2067"]
[BlackElo "1944"]
[TimeControl "180+2"]
[EndTime "14:04:44 PST"]
[Termination "flomarechot won by checkmate"]

1. d4 b5 2. e4 a6 3. Nf3 Bb7 4. Bd3 e6 5. Bg5 Be7 6. Bxe7 Qxe7 7. O-O Nf6 8. Nc3 d6 9. Re1 Nbd7 10. d5 b4 11. Ne2 O-O 12. Ned4 Ne5 13. dxe6 Nxf3+ 14. Qxf3 fxe6 15. Qh3 Rae8 16. Bc4 Nxe4 17. Bxe6+ Kh8 18. Bf5 Rxf5 19. Nxf5 Qf8 20. f3 Nf6 21. Qg3 Rb8 22. Re7 g6 23. Rxc7 gxf5 24. Re1 Nd5 25. Rd7 Bc6 26. Ra7 f4 27. Qh4 Ne3 28. Qxh7# 1-0

[Event "*** Titled Tuesday Blitz"]
[Site "Chess.com"]
[Date "2019.02.05"]
[Round "5"]
[White "hurricane7791"]
[Black "RoelandPruijssers"]
[Result "0-1"]
[WhiteElo "2666"]
[BlackElo "2518"]
[TimeControl "180+2"]
[EndTime "14:04:50 PST"]
[Termination "RoelandPruijssers won by resignation"]

1. d4 d5 2. c4 e6 3. Nc3 Nf6 4. cxd5 Nxd5 5. e4 Nxc3 6. bxc3 c5 7. Rb1 cxd4 8. cxd4 Nc6 9. Bb5 Bd7 10. Nf3 Bb4+ 11. Bd2 Bxd2+ 12. Qxd2 O-O 13. O-O a6 14. Bd3 b5 15. d5 exd5 16. exd5 Ne7 17. Be4 Bf5 18. Bxf5 Nxf5 19. Rbc1 Re8 20. Rfd1 Nd6 21. Nd4 Ne4 22. Qf4 Qxd5 23. Nf5 Qe5 24. Qg4 g6 25. Nd4 Nc3 26. Nf3 Qf6 27. Re1 Ne2+ 28. Rxe2 Rxe2 29. a4 Rae8 30. h4 Rxf2 31. Ng5 Rf4 32. Qg3 Qd4+ 33. Kh2 Rxh4+ 34. Nh3 Re5 35. axb5 Rxh3+ 36. gxh3 Qd2+ 0-1